 Dungeon Crawl Stone Soup version 0.30-a0-368-g86fb4627a9 (webtiles) character file.

Game seed: 1530524567501605387

0 JOEMAMA2 the Chopper (level 1, -2/19 HPs)
             Began as a Minotaur Berserker on Nov 20, 2022.
             Was a Follower of Trog.
             Slain by a goblin
             ... wielding a +0 dagger
              (3 damage)
             ... on level 1 of the Dungeon.
             The game lasted 00:00:09 (52 turns).

JOEMAMA2 the Chopper (Minotaur Berserker)             Turns: 52, Time: 00:00:10

Health: -2/19      AC:  0    Str: 21    XL:     1   Next: 8%
Magic:  0/0        EV: 12    Int:  4    God:    Trog [*.....]
Gold:   9          SH:  0    Dex:  9    Spells: 0/0 levels left

rFire   . . .      SeeInvis .    a - +0 hand axe
rCold   . . .      Faith    .    (no shield)
rNeg    . . .      Spirit   .    (no body armour)
rPois   .          Reflect  .    (helmet restricted)
rElec   .          Harm     .    (no cloak)
rCorr   .          Rampage  .    (no gloves)
Will    .....                    (no boots)
Stlth   +.........               (no amulet)
HPRegen 0.23/turn                (no ring)
MPRegen 0.07/turn                (no ring)

@: no status effects
A: horns 2, retaliatory headbutt
a: Renounce Religion, Berserk


You were on level 1 of the Dungeon.
You worshipped Trog.
Trog was aware of your devotion.
You visited 1 branch of the dungeon, and saw 1 of its levels.

You collected 9 gold pieces.

Inventory:

Hand Weapons
 a - a +0 hand axe (weapon)
Armour
 b - a +0 animal skin
 c - a +0 plate armour


   Skills:
 + Level 3.6 Fighting
 + Level 3.6 Axes
 + Level 2.4 Armour
 + Level 2.2 Dodging


You couldn't memorise any spells.
You didn't know any spells.
Your spell library was empty.

Dungeon Overview and Level Annotations

Branches:
Dungeon (1/15)

Altars:


Innate Abilities, Weirdness & Mutations

You have a pair of horns on your head.
You reflexively headbutt those who attack you in melee.


Message History

The frilled lizard hisses angrily.
A frilled lizard is nearby!
You see here a +0 plate armour.
c - a +0 plate armour You start removing your armour.
You continue taking off your +0 animal skin. x4
The frilled lizard bites you.
You finish taking off your +0 animal skin.
You slash the frilled lizard!
You kill the frilled lizard!
Trog accepts your kill.
Found 8 gold pieces.
A rat comes into view.
A dart slug comes into view.
A goblin comes into view. It is wielding a +0 dagger.
The rat barely misses you.
You barely miss the rat. The rat bites you.
You closely miss the rat. The rat bites you.
You closely miss the rat. The rat bites you.
You barely miss the rat. The rat bites you.
You barely miss the rat. You hit the dart slug but do no damage.
The rat bites you. The dart slug bites you.
You closely miss the rat. Your headbutt misses the rat.
You hit the dart slug but do no damage. The rat bites you.
* * * LOW HITPOINT WARNING * * *
The dart slug bites you.
* * * LOW HITPOINT WARNING * * *
You hit the rat but do no damage. Your headbutt misses the rat.
You hit the dart slug. The rat bites you.
* * * LOW HITPOINT WARNING * * *
The dart slug barely misses you. You furiously retaliate!
You headbutt the dart slug. You hit the rat.
You kill the rat!
Trog accepts your kill.
You hit the dart slug.
You kill the dart slug!
Trog accepts your kill. The goblin hits you with a +0 dagger.
You die...

.. . #. .. #. ...
.## ....##..#
....#.# #.g.# #@# #
####.######
#...#w........######
...................#
.........####+####.#
.........#.......#.#
.........#.8.8.8.#.#
.....>...#.......#.#
#...#....+.8.<.8.+.#


You could see a goblin.

Vanquished Creatures
  A dart slug (D:1)
  A frilled lizard (D:1)
  A rat (D:1)
3 creatures vanquished.

Notes
Turn   | Place    | Note
-------+----------+-------------------------------------------
     0 | D:1      | JOEMAMA2 the Minotaur Berserker began the quest for the
                  | Orb.
     0 | D:1      | Reached XP level 1. HP: 19/19 MP: 0/0
    52 | D:1      | Slain by a goblin

Illustrated notes

Levels and vault maps discovered:
D:1:      doesnt_arrival_eight_statues, layout_rooms, hex_intersection,
          dreamdust_wishing_well, minmay_cut_off

Action                   || total
-------------------------++-------
Melee: Hand axe          ||     9
Dodge: Dodged            ||     2

Table legend: (Time is in decaauts)
 A = Elapsed time spent in this place.
 B = Non-inter-level travel time spent in this place.
 C = Inter-level travel time spent in this place.
 D = Time resting spent in this place.
 E = Time spent auto-exploring this place.
 F = Levels seen in this place.
 G = Mean time per level.
                   A        B        C        D        E       F      G
               +--------+--------+--------+--------+--------+-----+--------+
         Total |     52 |     52 |      0 |      0 |     25 |   1 |   52.0 |
       Dungeon |     52 |     52 |      0 |      0 |     25 |   1 |   52.0 |
               +--------+--------+--------+--------+--------+-----+--------+

Top non-repeatable levels by time:
     D:1: 52 daAuts
